 Dungeon Crawl Stone Soup version 0.24.0-10-g970556be89 (webtiles) character file.

Game seed: 14146044970455371518, levelgen mode: deterministic

346 Masnef the Ogre Mage (level 6, -3/57 HPs)
             Began as an Ogre Wizard on Nov 4, 2019.
             Slain by an orc priest
             ... wielding a +0 hand axe
              (5 damage)
             ... on level 3 of the Dungeon.
             The game lasted 00:11:55 (3897 turns).

Masnef the Ogre Mage (Ogre Wizard)                  Turns: 3897, Time: 00:11:56

Health: -3/57      AC:  4    Str: 12    XL:     6   Next: 59%
Magic:  0/21       EV: 11    Int: 26    God:
Gold:   107        SH:  0    Dex:  7    Spells: 5/13 levels left

rFire    . . .     SeeInvis .   l - +0 hunting sling (freeze)
rCold    . . .     Gourm    .   (no shield)
rNeg     . . .     Faith    .   a - +0 robe
rPois    .         Spirit   +   b - +0 hat
rElec    .         Reflect  .   k - +0 cloak
rCorr    .         Harm     .   (gloves unavailable)
MR       .....                  (boots unavailable)
Stlth    +.........             j - amulet of guardian spirit
HPRegen  0.19/turn              e - +1 ring of evasion
MPRegen  0.17/turn              p - ring of magical power

@: brilliant
A: large, unfitting armour, tough skin 1
a: no special abilities


You were on level 3 of the Dungeon.
You were near starving.

You visited 1 branch of the dungeon, and saw 3 of its levels.

You collected 107 gold pieces.

Inventory:

Hand Weapons
 f - a +1 whip
 l - a +0 hunting sling of freezing (weapon)
Missiles
 h - 18 poisoned darts
 m - 56 stones (quivered)
Armour
 a - a +0 robe (worn)
 b - a +0 hat (worn)
 k - a +0 cloak (worn)
Jewellery
 e - a +1 ring of evasion (left hand)
 j - an amulet of guardian spirit (around neck)
 p - a ring of magical power (right hand)
 u - an uncursed amulet of magic regeneration
Wands
 s - a wand of polymorph (7)
Scrolls
 c - 2 scrolls of remove curse
 g - 2 scrolls of enchant weapon
 i - a scroll of immolation {unknown}
 o - 2 scrolls of identify
Potions
 n - a potion of haste
 q - a potion of might {unknown}
 r - a potion of brilliance
 t - a potion of mutation {unknown}
Comestibles
 d - 7 rations


   Skills:
 + Level 2.0 Fighting
 * Level 2.6 Maces & Flails
 * Level 2.1 Throwing
 + Level 2.2 Dodging
 - Level 1.4 Stealth
 + Level 4.2 Spellcasting
 * Level 2.4 Conjurations
 - Level 1.1 Summonings
 - Level 1.1 Translocations
 * Level 1.5 Air Magic
 - Level 1.0 Poison Magic


You had 5 spell levels left.
You knew the following spells:

 Your Spells              Type           Power        Failure   Level  Hunger
a - Magic Dart            Conj           ####         1%          1    None
b - Blink                 Tloc           N/A          1%          2    None
c - Call Imp              Summ           ####....     1%          2    None
d - Mephitic Cloud        Conj/Pois/Air  ####....     1%          3    ##.....

Your spell library contained the following spells:

 Spells                   Type           Power        Failure   Level  Hunger
 Slow                     Hex            ###.....     1%          2    None
 Conjure Flame            Conj/Fire      ####....     1%          3    ##.....


Dungeon Overview and Level Annotations

Branches:
Dungeon (3/15)

Altars:


Innate Abilities, Weirdness & Mutations

You are too large for most types of armour.
You have tough skin. (AC +1)


Message History

Confirm with . or Enter, or press ? or * to list all spells.
Aiming: Magic Dart (safe; 4% risk of failure)
Press: ? - help, Shift-Dir - straight line, f/p - orc priest
Aim: an orc priest, wielding a +0 hand axe and wearing a +0 chain mail (almost dead)
The magic dart hits the orc priest but does no damage.
The orc priest is almost dead.
Firing (i - inventory. (/) - cycle)
m - 57 stones (quivered)
Press: ? - help, Shift-Dir - straight line, f/p - orc priest
Aim: an orc priest, wielding a +0 hand axe and wearing a +0 chain mail (almost dead)
You shoot a stone.
The stone hits the orc priest but does no damage.
The orc priest is almost dead.
The orc priest barely misses you.
The orc priest invokes the aid of Beogh against you.
Pain shoots through your body!
* * * LOW HITPOINT WARNING * * *
It was a potion of brilliance.
You feel clever all of a sudden.
The orc priest hits you with a +0 hand axe.
You die...

#.....# #.............
####### #.............
#..)..........
#.......).....
#.....).......
##########.............
#......................
#.........5............
#.....@................
#....o.....5...........
#...(.................
#.((..................
.(.(........###########
#############


You could see an orc priest and 2 friendly crimson imps.

Vanquished Creatures
  Terence (D:3)
  3 adders
  A worm (D:1)
  3 dart slugs (D:1)
  A leopard gecko (D:1)
  2 orcs (D:3)
  2 ball pythons
  5 bats
  2 giant cockroaches
  9 goblins
  8 hobgoblins
  3 jackals (D:1)
  8 kobolds
  10 frilled lizards
  3 rats
61 creatures vanquished.

Vanquished Creatures (collateral kills)
  Grinder (D:3)
  An ogre (D:2)
  Jessica (D:2)
  2 adders
  A giant cockroach (D:3)
  2 goblins (D:3)
  2 frilled lizards
  A rat (D:3)
11 creatures vanquished.

Grand Total: 72 creatures vanquished

Notes
Turn   | Place    | Note
-------+----------+-------------------------------------------
     0 | D:1      | Masnef the Ogre Wizard began the quest for the Orb.
     0 | D:1      | Reached XP level 1. HP: 16/16 MP: 5/5
    77 | D:1      | Reached skill level 1 in Conjurations
   234 | D:1      | Reached XP level 2. HP: 26/26 MP: 1/6
   452 | D:1      | Reached skill level 1 in Fighting
   452 | D:1      | Reached skill level 1 in Maces & Flails
   768 | D:1      | Reached XP level 3. HP: 33/33 MP: 8/8
  1313 | D:1      | Reached XP level 4. HP: 26/41 MP: 5/9
  1498 | D:1      | Learned a level 2 spell: Blink
  1501 | D:1      | Learned a level 2 spell: Call Imp
  1505 | D:1      | Learned a level 3 spell: Mephitic Cloud
  2055 | D:2      | Reached skill level 1 in Throwing
  2098 | D:2      | Noticed an ogre
  2416 | D:2      | Killed an ogre
  2416 | D:2      | Reached skill level 4 in Spellcasting
  2416 | D:2      | Reached skill level 1 in Summonings
  2416 | D:2      | Reached skill level 1 in Translocations
  2416 | D:2      | Reached XP level 5. HP: 48/48 MP: 3/11
  2658 | D:2      | Noticed Jessica
  2692 | D:2      | Killed Jessica
  3113 | D:3      | Noticed Grinder
  3431 | D:3      | Noticed Terence
  3455 | D:3      | Killed Terence
  3455 | D:3      | Reached skill level 1 in Air Magic
  3455 | D:3      | Reached skill level 1 in Poison Magic
  3548 | D:3      | Paralysed by Grinder for 3 turns
  3564 | D:3      | Paralysed by Grinder for 2 turns
  3590 | D:3      | Paralysed by Grinder for 2 turns
  3600 | D:3      | Killed Grinder
  3600 | D:3      | Reached XP level 6. HP: 29/57 MP: 6/12
  3896 | D:3      | HP: 2/57 [orc priest/nerve-wracking pain (12)]
  3897 | D:3      | Slain by an orc priest

Levels and vault maps discovered:
D:1:      sevenhm_arrival_forest_fort_large_2, layout_basic
D:2:      layout_loops_corners, minmay_tripent, uniq_jessica
D:3:      layout_basic, first_ration, ebering_ghost_sewer_d, uniq_terence,
          uniq_grinder

Skill      XL: |  1  2  3  4  5 |
---------------+----------------+-----
Conjurations   | 1 2 |  2.4
Fighting       | 1 2 |  2.0
Maces & Flails | 1 2 |  2.6
Throwing       | 1 2 |  2.1
Dodging        | 2 |  2.2
Spellcasting   | 4 |  4.2
Summonings     | 1 |  1.1
Translocations | 1 |  1.1
Air Magic      | 1 |  1.5
Poison Magic   | 1 |  1.0
Stealth        | |  1.4

Action                   |  1- 3 |  4- 6 || total
-------------------------+-------+-------++-------
Melee: Whip              |    37 |    62 ||    99
 Fire: Hunting sling     |    80 |   113 ||   193
 Cast: Magic Dart        |    19 |    10 ||    29
       Call Imp          |       |    22 ||    22
       Blink             |       |     2 ||     2
       Mephitic Cloud    |       |     1 ||     1
  Use: Scroll            |     4 |     1 ||     5
       Potion            |     2 |     1 ||     3
  Eat: Chunk             |     1 |     7 ||     8
Armor: Robe              |    20 |    27 ||    47
       Skin              |       |    21 ||    21
Dodge: Dodged            |    56 |    59 ||   115
